Map: Efflorescence LE

Players

Throwfordays - Winner!

  • Race: Zerg Zerg
  • League: Silver
  • Spawn Location: 6:00

Faust - Winner!

  • Race: Zerg Zerg
  • League: Diamond
  • Spawn Location: 9:00

jayvee

  • Race: Terran Terran
  • Spawn Location: 3:00

jmsq

  • Race: Protoss Protoss
  • Spawn Location: 12:00

VOD

Have the link to the VOD?

Description

Time

  • Played on: July 4, 2020, 8:47 p.m.
  • Length: 6:18
Show
View Real Time Build Order
Export as new Build Order

Throwfordays Zerg - Winner!

Build Orders: Hatch First, Zergling Baneling 

Get SALT Encoding   

  12  0:01  Drone  
  13  0:11  Drone  
  14  0:18  Overlord  
  14  0:37  Drone  
  14  0:38  Drone  
  16  0:54  Drone  
  16  0:56  Hatchery  
  16  1:09  Spawning Pool  
  15  1:14  Extractor  
  15  1:15  Drone  
  15  1:22  Overlord  
  15  1:31  Drone  
  16  1:56  Queen  
  16  1:57  Drone x3  
  21  2:09  Zergling x2  
  21  2:14  Baneling Nest  
  21  2:18  Queen  
  21  2:19  Drone  
  21  2:22  Drone  
  25  2:31  Zergling x4  
  25  2:34  Metabolic Boost  
  27  2:39  Extractor  
  27  2:42  Drone  
  27  2:47  Zergling x2  
  27  2:48  Zergling x2  
  29  2:54  Zergling x2  
  30  3:10  Drone x2  
  30  3:11  Drone x2  
  34  3:16  Zergling x4  
  34  3:17  Overlord  
  36  3:28  Lair  
  36  3:39  Zergling x4  
  38  3:45  Zergling x6  
  38  3:48  Baneling x3  
  41  3:59  Drone x2  
  41  4:00  Drone  
  44  4:04  Overlord  
  44  4:08  Overlord  
  44  4:25  Baneling x6  
  44  4:26  Baneling x6  
  44  4:31  Zergling x4  
  44  4:33  Zergling x2  
  44  4:35  Zergling x2  
  48  4:42  Drone x2  
  48  4:44  Drone  
  48  4:45  Drone  
  52  4:49  Drone  
  53  5:10  Drone x3  
  53  5:12  Drone  
  53  5:13  Drone x2  
  59  5:19  Zergling x2  
  60  5:23  Overlord x2  
Show
View Real Time Build Order
Export as new Build Order

Faust Zerg - Winner!

Build Orders: Hatch First 

Get SALT Encoding   

  12  0:01  Drone  
  13  0:11  Drone  
  14  0:15  Extractor, Drone  
  15  0:22  Overlord  
  15  0:53  Drone  
  15  0:55  Drone  
  15  0:56  Hatchery  
  16  1:08  Spawning Pool  
  15  1:12  Drone  
  15  1:15  Extractor  
  15  1:18  Drone  
  16  1:21  Drone  
  17  1:41  Overlord  
  17  1:55  Queen  
  17  1:57  Zergling x4  
  17  2:00  Zergling x2  
  22  2:12  Queen  
  25  2:15  Drone x2  
  25  2:21  Metabolic Boost  
  26  2:29  Overlord  
  26  2:32  Drone  
  27  2:47  Drone  
  27  2:48  Drone, Baneling Nest  
  27  2:49  Drone  
  29  3:00  Drone x3  
  32  3:07  Overlord  
  32  3:26  Lair  
  30  3:43  Hatchery  
  29  3:59  Drone x7  
  29  4:00  Drone x2  
  38  4:07  Overlord  
  38  4:08  Overlord  
  37  4:13  Drone x2  
  39  4:28  Drone  
  39  4:29  Drone x5  
  45  4:33  Extractor  
  45  4:34  Extractor  
  43  4:39  Evolution Chamber  
  43  4:42  Drone  
  43  4:43  Drone, Evolution Chamber  
  43  4:44  Drone  
  43  4:45  Extractor, Hydralisk Den  
  42  4:58  Queen  
  42  4:59  Zergling x2  
  45  5:00  Zergling x8  
  49  5:07  Drone  
  49  5:08  Drone  
  51  5:20  Drone  
  51  5:21  Drone x6  
  55  5:22  Drone x2  
  60  5:31  Drone  
  59  6:08  Spire  
  58  6:12  Infestation Pit  
Show
View Real Time Build Order
Export as new Build Order

jayvee Terran 

Build Orders:  

Get SALT Encoding   

  12  0:01  SCV  
  13  0:13  SCV  
  14  0:25  SCV  
  15  0:28  Supply Depot  
  15  0:50  SCV, Barracks  
  16  1:01  Refinery  
  16  1:02  SCV  
  17  1:14  SCV  
  17  1:16  Supply Depot  
  18  1:26  SCV  
  19  1:38  SCV  
  20  1:40  Marine  
  21  1:50  SCV  
  22  1:57  Refinery  
  22  1:58  Marine  
  23  2:03  SCV  
  24  2:15  SCV  
  25  2:16  Marine  
  26  2:33  Marine  
  27  2:39  Command Center  
  27  2:48  Factory  
  27  2:51  Marine  
  27  2:54  Barracks  
  28  3:09  Marine  
  29  3:27  Marine  
  30  3:45  Marine  
  30  3:47  Supply Depot  
  30  3:51  Hellion  
  31  4:02  Marine  
  31  4:08  Barracks Reactor  
  32  4:12  Hellion  
  32  4:14  Supply Depot  
  34  4:17  SCV  
  34  4:20  Marine  
  36  4:29  SCV  
  37  4:34  Hellion  
  39  4:38  Marine  
  39  4:41  SCV  
  41  4:53  SCV  
  41  4:55  Hellion  
  41  4:56  Marine  
  45  5:05  SCV  
  46  5:12  Starport  
  46  5:14  Marine  
  46  5:16  Hellion  
  46  5:18  SCV  
  50  5:30  SCV  
  50  5:31  Command Center  
  50  5:32  Marine  
  52  5:38  Hellion  
  54  5:43  SCV  
  54  5:49  Marine  
  55  5:55  SCV  
Show
View Real Time Build Order
Export as new Build Order

jmsq Protoss 

Build Orders:  

Get SALT Encoding   

  12  0:06  Probe  
  13  0:23  Probe  
  14  0:30  Pylon  
  14  0:35  Probe  
  15  0:48  Probe  
  16  1:01  Gateway  
  16  1:06  Gateway  
  16  1:34  Assimilator  
  16  1:38  Assimilator  
  16  1:51  Zealot  
  18  2:01  Zealot  
  20  2:16  Cybernetics Core  
  20  2:25  Probe  
  21  2:36  Zealot  
  23  2:43  Pylon  
  23  2:48  Pylon  
  23  2:56  Warp Gate  
  23  3:01  Zealot, Probe  
  26  3:13  Probe  
  27  3:25  Probe  
  28  3:37  Probe  
Tags
 
Add a new tag
Caveats
  • Supply blocks, unpowered buildings, or Contaminate may cause inaccurate times.
  • Supply counts are checked every 10 seconds.